 Dungeon Crawl Stone Soup version 0.30-a0-777-ga9a30cbeda (webtiles) character file.

Game seed: 12894901115333318404

124 lunkers the Insei (level 5, -9/40 HPs)
             Began as a Meteoran Transmuter on Feb 13, 2023.
             Killed from afar by Natasha (20 damage)
             ... with a bolt of light
             ... on level 2 of the Dungeon.
             The game lasted 00:01:26 (576 turns).

lunkers the Insei (Meteoran Transmuter)              Turns: 576, Time: 00:01:26

Health: -9/40      AC:  2    Str: 12    XL:     5   Next: 56%
Magic:  10/10      EV: 12    Int: 14    God:
Gold:   60         SH:  0    Dex: 16    Spells: 5/9 levels left

rFire   . . .      SeeInvis .      - Unarmed
rCold   . . .      Faith    .    (no shield)
rNeg    . . .      Spirit   .    a - +0 robe
rPois   .          Reflect  .    (no helmet)
rElec   .          Harm     .    (no cloak)
rCorr   .          Rampage  .    (no gloves)
Will    .....                    (no boots)
Stlth   +                        h - amulet of regeneration
HPRegen 1.06/turn                g - ring of wizardry
MPRegen 0.12/turn                (no ring)

@: glowing
A: sense surroundings 1, otherworldly, glowing, explore regen
a: no special abilities


You were on level 2 of the Dungeon.
You visited 1 branch of the dungeon, and saw 2 of its levels.

You collected 60 gold pieces.

Inventory:

Armour
 a - a +0 robe (worn)
Jewellery
 g - a ring of wizardry (left hand)
 h - an amulet of regeneration (around neck)
Scrolls
 d - a scroll of enchant weapon {unknown}
 f - 2 scrolls of immolation {unknown}
 i - a scroll of fear {unknown}
Potions
 b - a potion of lignification
 c - a potion of flight {unknown}
 e - a potion of might {unknown}
 j - a potion of brilliance {unknown}
 k - a potion of ambrosia {unknown}
 l - a potion of curing {unknown}


   Skills:
 - Level 1.1 Fighting
 - Level 2.4 Dodging
 * Level 6.2 Unarmed Combat
 - Level 2.6 Spellcasting
 + Level 3.5 Transmutations


You had 5 spell levels left.
You knew the following spells:

 Your Spells              Type           Power      Damage    Failure   Level
c - Spider Form           Tmut/Pois      6%         N/A       13%         3
p - Beastly Appendage     Tmut           22%        N/A       2%          1

Your spell library contained the following spells:

 Spells                   Type           Power      Damage    Failure   Level
 Wereblood                Tmut           11%        N/A       3%          2
 Ice Form                 Ice/Tmut       6%         N/A       38%         4


Dungeon Overview and Level Annotations

Branches:
Dungeon (2/15) Zot: 630

Altars:

Annotations:
D:2 Natasha


Innate Abilities, Weirdness & Mutations

You passively map a small area around you.
You are easily found by Zot.
You glow in the dark.
You regain HP and MP as you explore.


Message History

You bite Natasha!
Natasha is poisoned.
Natasha is severely wounded.
Natasha barely misses you.
You hit Natasha.
Natasha is almost dead.
Your transformation is almost over.
You kill Natasha!
Natasha screams in pain as she dies!
Your Unarmed Combat skill increases to level 6!
The adder barely misses you.
You hit the adder.
The adder is poisoned.
The adder is lightly wounded.
The adder barely misses you.
You closely miss the adder.
The adder is lightly wounded.
The adder bites you.
You hit the adder.
The adder looks as sick as possible!
The adder is heavily wounded.
The adder bites you.
Natasha, Servant of Life and Death comes into view.
She is carrying a wand of light (8).
You closely miss the adder.
The adder is heavily wounded.
The adder misses you.
You hit the adder.
You kill the adder!
Natasha zaps a wand.
The bolt of light hits you!!
Ouch! That really hurt!
* * * LOW HITPOINT WARNING * * *
You hit Natasha but do no damage.
Natasha is poisoned.
Your transformation has ended.
Your +0 robe unmelds from your body.
Natasha claws you!
* * * LOW HITPOINT WARNING * * *
You closely miss Natasha.
Natasha is lightly wounded.
Natasha zaps a wand.
The bolt of light misses you.
You hit Natasha but do no damage.
Natasha is moderately wounded.
Natasha zaps a wand.
The bolt of light hits you!!
Ouch! That really hurt!
You die...

* , .....# ##.#....# *
##....#*....#.##.# , .
,#.....##.##.#.##.## ,
..# ,#.....#...#####...##
....,#.......8.......8..#
, , .....#.†...#
..#####...## ,
...........# .#* ##.##
..##.##.#.###.# #.# , *
#.#.#@# #.# #.# #..)h#
#.# #.# , #.#.#.###.##
##.## , *
#.##.#.##...#####...## *
, , ...
..#....8.......8..# ###
####.##...#####...##
#.###.#######.##
#.............#
###############


You could see Natasha (very poisoned).

Vanquished Creatures
  Terence (D:2)
  Natasha (twice) (D:2)
  An adder (D:2)
  A dart slug (D:2)
  5 bats
  3 endoplasms
  3 giant cockroaches (D:1)
  2 goblins
  4 hobgoblins
  4 jackals (D:1)
  4 kobolds (D:1)
  4 ball pythons (D:1)
  2 rats (D:1)
36 creatures vanquished.

Notes
Turn   | Place    | Note
-------+----------+-------------------------------------------
     0 | D:1      | lunkers the Meteoran Transmuter began the quest for the
                  | Orb.
     0 | D:1      | Reached XP level 1. HP: 16/16 MP: 5/5
   111 | D:1      | Reached skill level 4 in Unarmed Combat
   111 | D:1      | Reached XP level 2. HP: 11/23 MP: 6/6
   180 | D:1      | Reached XP level 3. HP: 28/28 MP: 6/8
   275 | D:1      | Reached skill level 5 in Unarmed Combat
   452 | D:2      | Noticed Terence
   487 | D:1      | Learned a level 3 spell: Spider Form
   492 | D:2      | Killed Terence
   493 | D:2      | Reached XP level 4. HP: 32/35 MP: 5/9
   549 | D:2      | Noticed Natasha
   559 | D:2      | Killed Natasha
   560 | D:2      | Reached XP level 5. HP: 25/40 MP: 5/10
   560 | D:2      | Noticed Natasha
   565 | D:2      | Killed Natasha
   566 | D:2      | Reached skill level 6 in Unarmed Combat
   569 | D:2      | Noticed Natasha
   576 | D:2      | Killed from afar by Natasha

Illustrated notes

Levels and vault maps discovered:
D:1:      dpeg_arrival_three_same_balls, layout_basic
D:2:      layout_loops_ring, minmay_misc_feat_tower, chequers_arboretum,
          minmay_misc_feat_diagonals, minmay_circle_x, uniq_terence,
          uniq_natasha

Skill      XL: |  1  2  3  4  5 |
---------------+----------------+-----
Unarmed Combat | 4 5 6 |  6.2
Transmutations | 3 |  3.5
Fighting       | |  1.1
Dodging        | |  2.4
Spellcasting   | |  2.6

Action                     |  1- 3 |  4- 6 || total
---------------------------+-------+-------++-------
  Melee: Unarmed           |    68 |    23 ||    91
         Headbutt          |     5 |       ||     5
         Kick              |     1 |       ||     1
         Punch             |     1 |       ||     1
   Cast: Beastly Appendage |     7 |       ||     7
         Spider Form       |     1 |     1 ||     2
 Armour: Robe              |    14 |     1 ||    15
  Dodge: Dodged            |    40 |     8 ||    48

Table legend: (Time is in decaauts)
 A = Elapsed time spent in this place.
 B = Non-inter-level travel time spent in this place.
 C = Inter-level travel time spent in this place.
 D = Time resting spent in this place.
 E = Time spent auto-exploring this place.
 F = Levels seen in this place.
 G = Mean time per level.
                   A        B        C        D        E       F      G
               +--------+--------+--------+--------+--------+-----+--------+
         Total |    568 |    568 |      0 |      0 |    346 |   2 |  284.0 |
       Dungeon |    568 |    568 |      0 |      0 |    346 |   2 |  284.0 |
               +--------+--------+--------+--------+--------+-----+--------+

Top non-repeatable levels by time:
     D:1: 408 daAuts
     D:2: 160 daAuts
